 Dungeon Crawl Stone Soup version 0.25-a0-42-g6c54e25894 (webtiles) character file.

Game seed: 11964429369976687191, levelgen mode: deterministic

14 BelosWulfure the Bolt Thrower (level 2, 18/18 HPs)
             Began as a Kobold Hunter on Oct 22, 2019.
             Got out of the dungeon alive.
             The game lasted 00:10:35 (1170 turns).

BelosWulfure the Bolt Thrower (Kobold Hunter)       Turns: 1170, Time: 00:10:36

Health: 18/18      AC:  3    Str:  5    XL:     2   Next: 60%
Magic:  2/2        EV: 14    Int: 12    God:
Gold:   67         SH:  0    Dex: 15    Spells: 1/1 levels left

rFire    . . .     SeeInvis .   b - +0 short sword
rCold    . . .     Gourm    .   (shield restricted)
rNeg     . . .     Faith    .   k - +0 leather armour
rPois    .         Spirit   +   (no helmet)
rElec    .         Reflect  .   j - scarf {Spirit}
rCorr    .         Harm     .   (no gloves)
MR       .....                  (no boots)
Stlth    ++........             (no amulet)
HPRegen  0.06/turn              l - -4 ring of strength (curse)
MPRegen  0.08/turn              (no ring)

@: no status effects
A: small, carnivore
a: no special abilities


You escaped.
You were not hungry.

You visited 1 branch of the dungeon, and saw 1 of its levels.

You collected 67 gold pieces.

Inventory:

Hand Weapons
 a - a +1 hand crossbow
 b - a +0 short sword (weapon)
 h - a +0 short sword
Missiles
 d - 18 bolts
Armour
 c - a +0 leather armour
 j - a scarf of spirit shield (worn)
 k - a +0 leather armour (worn)
Jewellery
 l - a cursed -4 ring of strength (left hand)
Potions
 e - a potion of berserk rage {unknown}
Comestibles
 f - 3 rations
 g - 4 chunks of flesh


   Skills:
 + Level 2.3 Fighting
 + Level 0.9 Short Blades
 + Level 4.9 Crossbows
 * Level 2.9 Dodging
 + Level 2.0 Stealth


You had one spell level left.
You didn't know any spells.
Your spell library was empty.

Dungeon Overview and Level Annotations

Branches:
Dungeon (1/15)

Altars:


Innate Abilities, Weirdness & Mutations

You are small and have problems with some larger weapons.
You are carnivorous and can eat meat at any time.


Message History

The dart slug bites the plant but does no damage.
You hit the plant.
You destroy the plant!
The dart slug bites the plant but does no damage.
The dart slug bites the plant but does no damage.
The dart slug bites the plant but does no damage.
The dart slug bites the plant but does no damage.
There is a staircase leading out of the dungeon here.
You can't go down here!
Are you sure you want to leave the Dungeon?
This will make you lose the game!
Uppercase [Y]es or [N]o only, please.
Are you sure you want to leave the Dungeon?
This will make you lose the game!
Uppercase [Y]es or [N]o only, please.
Are you sure you want to leave the Dungeon?
This will make you lose the game!
Alright, then stay!
You can't go down here!
Are you sure you want to leave the Dungeon?
This will make you lose the game!
Uppercase [Y]es or [N]o only, please.
Are you sure you want to leave the Dungeon?
This will make you lose the game!
You have escaped! ........PP.PP.PPwPP.PP.P ........PP.P.PP.P.PP.P.PP# ###.....PP.P.P.PPP.P.P.PP# #.....PP.P.PP.P.PP.P.PP# ##+##.PP.PP.PPwPP.PP.PP# ####+##.PPP.PP.PPP.PP.PPP# ......#.PPP.PPP...PPP.PPP# ........PPPP..PPPPP..PPPP# ........PPPPPP..@..PPPPPP# .....#..PPPPPPPPPP.PPPPPP#####

####.#......######...........#
#.#.####......'...........#
#.#.# #..#####...........#
#.#.# #..### #...........#
#.#.# ##...# #.......[...#
#.#.###...........#
#.....#...........#


You could see a dart slug.

Vanquished Creatures
  2 dart slugs (D:1)
  A goblin (D:1)
  3 hobgoblins (D:1)
  2 frilled lizards (D:1)
  2 kobolds (D:1)
  A plant (D:1)
11 creatures vanquished.

Notes
Turn   | Place    | Note
-------+----------+-------------------------------------------
     0 | D:1      | BelosWulfure the Kobold Hunter began the quest for the Orb.
     0 | D:1      | Reached XP level 1. HP: 12/12 MP: 1/1
   456 | D:1      | Reached XP level 2. HP: 11/17 MP: 2/2
  1170 | D:$      | Got out of the dungeon alive.

Levels and vault maps discovered:
D:1:      roderic_crop_circles_arrival_small, layout_basic

Skill      XL: |  1  2 |
---------------+-------+-----
Stealth        | 2 |  2.0
Fighting       | |  2.3
Short Blades   | |  0.9
Crossbows      | |  4.9
Dodging        | |  2.9

Action                   || total
-------------------------++-------
Melee: Short sword       ||   144
 Fire: Hand crossbow     ||    20
  Use: Scroll            ||     3
  Eat: Chunk             ||     4
Armor: Leather armour    ||     2
Dodge: Dodged            ||     5

Table legend:
 A = Non-vault XP
 B = Vault XP
 C = Vault XP percentage of total XP
 D = Non-vault monster count
 E = Vault monster count
 F = Vault count percentage of total count
                 A         B        C        D         E       F
            +---------+---------+-------+---------+---------+-------
      Total |      21 |       0 |   0.0 |      10 |       0 |   0.0
            +---------+---------+-------+---------+---------+-------
        D:1 |      21 |       0 |   0.0 |      10 |       0 |   0.0
            +---------+---------+-------+---------+---------+-------
